 Dungeon Crawl Stone Soup version 0.22.1-1-ga44c0e5 (webtiles) character file.

2447 dvd the Transmogrifier (level 9, -1/41 HPs)
             Began as a Felid Transmuter on Oct 9, 2018.
             Was a Believer of Qazlal.
             Slain by a deep elf mage
             ... wielding a +0 long sword of protection
              (9 damage)
             ... on level 8 of the Dungeon.
             The game lasted 00:41:59 (12882 turns).

dvd the Transmogrifier (Felid Transmuter)          Turns: 12882, Time: 00:42:00

Health: -1/41      AC:  2    Str:  6    XL:     9   Next: 25%
Magic:  14/19      EV: 22    Int: 17    God:    Qazlal [**....]
Gold:   432        SH:  3    Dex: 17    Spells: 5/21 levels left
                                        Lives:  0   Deaths: 2

rFire    . . .     SeeInvis +     - Unarmed
rCold    . . .     Gourm    .   (shield unavailable)
rNeg     . . .     Faith    .   (armour unavailable)
rPois    .         Spirit   .   (helmet unavailable)
rElec    .         Reflect  .   (cloak unavailable)
rCorr    .         Harm     .   (gloves unavailable)
MR       ++...                  (boots unavailable)
Stlth    +.........             (no amulet)
HPRegen  0.13/turn              o - ring of protection from magic
MPRegen  0.16/turn              (no ring)

@: blade paws, quick
A: very small, no armour, no weapons or thrown items, stealth, claws 1, fangs 3,
see invisible, carnivore, speed 1, shaggy fur 2, slow metabolism 1
a: End Transformation, Upheaval, Renounce Religion


You were on level 8 of the Dungeon.
You worshipped Qazlal.
Qazlal was pleased with you.
You were very full.
You had blades for front paws.
You visited 2 branches of the dungeon, and saw 9 of its levels.

You collected 432 gold pieces.

Inventory:

Missiles
 a - 116 arrows
Jewellery
 o - a ring of protection from magic (left scythe-like blade)
Wands
 k - a wand of paralysis (16)
 v - a wand of iceblast (10)
Scrolls
 e - 3 scrolls of identify
 f - a scroll of blinking
 g - 13 scrolls of remove curse
 n - 4 scrolls of amnesia
 s - a scroll of magic mapping
 u - 2 scrolls of fear
Potions
 b - a potion of magic
 d - 3 potions of flight
 h - 2 potions of curing
 i - a potion of ambrosia
 j - 3 potions of brilliance
 l - a potion of might
 m - a potion of cancellation
 p - 3 potions of haste
 q - 2 potions of lignification
 t - 2 potions of mutation {unknown}
Comestibles
 c - 22 rations


   Skills:
 * Level 5.8 Fighting
 + Level 7.0 Dodging
 + Level 7.9 Unarmed Combat
 * Level 6.5 Spellcasting
 * Level 8.5 Transmutations
 + Level 2.7 Ice Magic
 + Level 3.0 Poison Magic


You had 5 spell levels left.
You knew the following spells:

 Your Spells              Type           Power        Failure   Level  Hunger
a - Blade Hands           Tmut           ####......   47%         5    #####..
b - Spider Form           Tmut/Pois      ####......   28%         3    ##.....
c - Ice Form              Ice/Tmut       ###.....     50%         4    ####...
d - Sticks to Snakes      Tmut           ####....     12%         2    None
e - Ensorcelled Hibernat  Hex/Ice        ##....       47%         2    None

Your spell library contained the following spells:

 Spells                   Type           Power        Failure   Level  Hunger
 Beastly Appendage        Tmut           ####..       11%         1    None
 Corona                   Hex            #......      50%         1    None
 Confuse                  Hex            #.......     78%         3    ##.....
 Dazzling Spray           Conj/Hex       #.....       78%         3    ##.....
 Tukima's Dance           Hex            #.......     78%         3    ##.....


Dungeon Overview and Level Annotations

Branches:
Dungeon (8/15)             Temple (1/1) D:4
   Lair: D:8-11

Altars:
Ashenzari
Dithmenos
Elyvilon
Kikubaaqudgha
Makhleb
Okawaru
Qazlal
Ru
Trog
Uskayaw
Vehumet
Wu Jian
Xom
Yredelemnul
Zin
The Shining One

Shops:
D:6 [%

Annotations:
D:5 1 runed door, Irenicus's ghost, amateur DDWn


Innate Abilities, Weirdness & Mutations

You cannot wear armour.
You are incapable of wielding weapons or throwing items.
Your paws allow you to move quietly. (Stealth)
You have sharp claws.
You have razor-sharp teeth.
You have supernaturally acute eyesight. (SInv)
You are carnivorous and can eat meat at any time.
You cover ground quickly.
You are covered in thick fur. (AC +2)
You have a slow metabolism.
((Your sharp claws are effective at attacking unaware monsters.))


Message History

A deep elf mage comes into view.
It is wielding a long sword of protection.
The deep elf mage shouts!
The deep elf mage mumbles some strange words.
The deep elf mage blinks!
Your transformation has ended.
You start resting.
The deep elf mage is too close now for your liking.
Casting: Spider Form (safe; 3% risk of failure)
Confirm with . or Enter, or press ? or * to list all spells.
Your front paws turn into razor-sharp scythe blades.
The deep elf mage casts a spell at you. The bolt of cold hits you!
Ouch! That really hurt!
The deep elf mage hits you with a long sword of protection.
* * * LOW HITPOINT WARNING * * *
You barely miss the deep elf mage. You slash the deep elf mage!
The deep elf mage is heavily wounded.
The deep elf mage hits you with a long sword of protection!
You die...

#
A#._....'...'...._.#A#
#
##§.§.§.#...#.§.§.§###
#
#########...##########
###########.#######
#.......# #....#..#
#.......# ##......#
#.......# ##.....#
######.###### ##.####
.......##...## #@#
.....e.#.....###e#
#####.#.......##.#
...##............#
.#.#..#.......####
.#..#.##......# ##
.......#....#.# #.
.#.<.......##.# ##
.###.....####.#


You could see a deep elf mage.

Vanquished Creatures
  Pikel (D:6)
  Grinder (D:6)
  A hippogriff (D:7)
  Sigmund (D:5)
  A wyvern (D:6)
  Eustachio (D:5)
  A human (D:7)
  4 hogs (D:7)
  A hungry ghost (D:8)
  Edmund (D:5)
  Menkaure (D:6)
  2 slaves (D:6)
  4 ice beasts
  A sky beast (D:7)
  A hornet zombie (D:6)
  3 orc warriors
  4 ogres
  2 centaurs
  A big kobold (D:6)
  4 bullfrogs
  A scorpion (D:3)
  4 killer bees
  3 wights
  A crimson imp (D:5)
  3 hounds
  A jelly (D:8)
  Crazy Yiuf (D:7)
  7 orc priests
  A bullfrog skeleton (D:4)
  6 orc wizards
  2 iguanas
  2 hound skeletons
  5 adders
  8 gnolls
  A shadow imp (D:5)
  2 oozes
  An adder skeleton (D:8)
  3 worms (D:2)
  3 dart slugs
  3 leopard geckos
  21 orcs
  4 ball pythons (D:3)
  9 bats
  2 giant cockroaches (D:5)
  5 goblins
  5 hobgoblins
  2 jackals (D:1)
  14 kobolds
  5 quokkas
  A ball python skeleton (D:4)
  3 frilled lizards
  A quokka skeleton (D:8)
  7 rats
173 creatures vanquished.

Notes
Turn   | Place    | Note
-------+----------+-------------------------------------------
     0 | D:1      | dvd the Felid Transmuter began the quest for the Orb.
     0 | D:1      | Reached XP level 1. HP: 9/9 MP: 4/4
   428 | D:1      | Reached XP level 2. HP: 12/12 MP: 3/6
   971 | D:1      | Reached XP level 3. HP: 7/15 MP: 5/7
   992 | D:1      | Learned a level 3 spell: Spider Form
  1352 | D:2      | Reached skill level 3 in Transmutations
  1723 | D:2      | Noticed an ogre
  2109 | D:2      | Killed an ogre
  2109 | D:2      | Reached XP level 4. HP: 19/19 MP: 2/8
  2109 | D:2      | Reached XP level 5. HP: 22/22 MP: 2/9
  2739 | D:3      | Reached skill level 4 in Transmutations
  2930 | D:3      | Gained mutation: You are covered in thick fur. (AC +2)
                  | [Felid growth]
  2930 | D:3      | Reached XP level 6. HP: 25/25 MP: 9/11
  3036 | D:3      | Learned a level 4 spell: Ice Form
  3281 | D:4      | Found a shattered altar of Ashenzari.
  3656 | D:4      | Reached skill level 1 in Poison Magic
  3756 | D:4      | Found a staircase to the Ecumenical Temple.
  3762 | Temple   | Entered the Ecumenical Temple
  3812 | Temple   | Became a worshipper of Qazlal Stormbringer
  4788 | D:5      | Entered Level 5 of the Dungeon
  4795 | D:5      | Noticed Edmund
  4795 | D:5      | Noticed Eustachio
  4824 | D:5      | Noticed Sigmund
  4851 | D:5      | Noticed an ice beast
  4873 | D:4      | Killed an ice beast
  4873 | D:4      | Reached skill level 1 in Ice Magic
  4873 | D:4      | Reached XP level 7. HP: 30/30 MP: 9/12
  4903 | D:4      | Learned a level 5 spell: Blade Hands
  5114 | D:5      | Killed Sigmund
  5114 | D:5      | Reached skill level 5 in Dodging
  5114 | D:5      | Reached skill level 5 in Unarmed Combat
  5114 | D:5      | Reached skill level 5 in Transmutations
  6158 | D:5      | Killed Eustachio
  6158 | D:5      | Reached XP level 8. HP: 31/34 MP: 9/14
  6457 | D:5      | Learned a level 2 spell: Sticks to Snakes
  6534 | D:5      | Found a runed door.
  6539 | D:5      | Noticed Irenicus's ghost (amateur DDWn)
  6627 | D:5      | Found a glowing silver altar of Zin.
  6805 | D:5      | Found a burning altar of Makhleb.
  6907 | D:5      | Killed Edmund
  7484 | D:6      | Reached skill level 6 in Transmutations
  7783 | D:6      | Found a shimmering altar of Xom.
  7861 | D:6      | Noticed Grinder
  7886 | D:6      | Killed Grinder
  7941 | D:6      | Reached * piety under Qazlal
  7987 | D:6      | Found Bohi's Food Boutique.
  8251 | D:5      | Reached XP level 9. HP: 39/39 MP: 7/16
  8272 | D:6      | Found Niozaz's Armour Emporium.
  9180 | D:6      | Found an iron altar of Okawaru.
  9192 | D:6      | Learned a level 2 spell: Ensorcelled Hibernation
  9563 | D:7      | Noticed Menkaure
  9728 | D:7      | Noticed Pikel
  9797 | D:6      | Killed Menkaure
  9797 | D:6      | Reached skill level 7 in Transmutations
  9852 | D:6      | Killed Pikel
  9852 | D:6      | Reached skill level 5 in Fighting
  9852 | D:6      | Reached skill level 5 in Spellcasting
 11092 | D:6      | Slain by a killer bee
 11093 | D:6      | Reached XP level 8. HP: 0/37 MP: 17/17
 11137 | D:6      | Slain by a killer bee
 11138 | D:6      | Reached XP level 7. HP: 0/33 MP: 15/16
 11287 | D:7      | Reached XP level 8. HP: 26/37 MP: 11/17
 11315 | D:7      | Reached ** piety under Qazlal
 11398 | D:7      | Reached skill level 8 in Transmutations
 11574 | D:7      | Found a runed door.
 11579 | D:7      | Noticed Crazy Yiuf
 11582 | D:7      | Killed Crazy Yiuf
 11903 | D:8      | Reached XP level 9. HP: 41/41 MP: 13/19
 11933 | D:8      | Found a glowing golden altar of the Shining One.
 11935 | D:8      | Noticed an angel
 12831 | D:8      | Found a basalt altar of Yredelemnul.
 12833 | D:8      | Noticed a profane servitor
 12857 | D:8      | Noticed a deep elf mage
 12882 | D:8      | Slain by a deep elf mage

Skill      XL: |  1  2  3  4  5  6  7  8  9 |
---------------+----------------------------+-----
Dodging        | 3 4 5 6 7 |  7.0
Transmutations | 3 4 5 8 7 |  8.5
Unarmed Combat | 4 5 6 7 |  7.9
Fighting       | 2 3 4 5 |  5.8
Poison Magic   | 1 2 3 |  3.0
Spellcasting   | 3 6 5 |  6.5
Ice Magic      | 1 2 |  2.7

Action                   |  1- 3 |  4- 6 |  7- 9 || total
-------------------------+-------+-------+-------++-------
Melee: Unarmed           |   105 |   111 |   388 ||   604
       Headbutt          |     6 |     2 |       ||     8
       Bite              |     4 |     4 |    13 ||    21
       Punch             |     1 |       |     3 ||     4
 Cast: Beastly Appendage |    13 |     4 |       ||    17
       Spider Form       |    11 |    17 |    31 ||    59
       Blade Hands       |       |       |    28 ||    28
       Sticks to Snakes  |       |       |     9 ||     9
       Ice Form          |       |       |     6 ||     6
 Abil: End Transformatio |       |       |     2 ||     2
  Use: Scroll            |       |    10 |    16 ||    26
       Potion            |       |       |     4 ||     4
 Stab: Sleeping          |     6 |     3 |     2 ||    11
       Distracted        |       |       |     1 ||     1
  Eat: Chunk             |    11 |     8 |    43 ||    62
Armor: Skin              |     6 |     7 |    14 ||    27
Dodge: Dodged            |    61 |   117 |   342 ||   520
Block: Other             |       |       |    14 ||    14
